 Dungeon Crawl Stone Soup version 0.22-a0-377-g846bec1 (webtiles) character file.

14 4thArraOfDagon the Digger (level 2, -2/24 HPs)
             Began as an Ogre Earth Elementalist on Apr 27, 2018.
             Slain by an iguana (3 damage)
             ... on level 5 of the Dungeon.
             The game lasted 00:01:22 (330 turns).

4thArraOfDagon the Digger (Ogre Earth Elementalist)  Turns: 330, Time: 00:01:23

Health: -2/24      AC:  3    Str: 11    XL:     2   Next: 41%
Magic:  0/5        EV: 10    Int: 16    God:
Gold:   52         SH:  0    Dex:  9    Spells: 5/6 levels left

rFire    . . .     SeeInvis .   (no weapon)
rCold    . . .     Gourm    .   (no shield)
rNeg     . . .     Faith    .   c - +0 robe
rPois    .         Spirit   .   (helmet restricted)
rElec    .         Reflect  .   (no cloak)
rCorr    .         Harm     .   (gloves unavailable)
MR       .....                  (boots unavailable)
Stlth    +.........             (no amulet)
HPRegen  0.08/turn              (no ring)
MPRegen  0.09/turn              (no ring)

@: no status effects
A: large, unfitting armour, tough skin 1
a: no special abilities


You were on level 5 of the Dungeon.
You were not hungry.

You visited 1 branch of the dungeon, and saw 4 of its levels.

You collected 52 gold pieces.

Inventory:

Missiles
 b - 31 stones
 f - 2 large rocks (quivered)
Armour
 c - a +0 robe (worn)
Scrolls
 a - 2 scrolls of teleportation {unknown}
 e - 3 scrolls of identify {unknown}
 h - a scroll of remove curse {unknown}
Potions
 g - a potion of magic
Comestibles
 d - 3 rations


   Skills:
 - Level 1.7 Dodging
 - Level 1.4 Stealth
 + Level 2.8 Spellcasting
   Level 0.8 Transmutations
 * Level 3.2 Earth Magic


You had 5 spell levels left.
You knew the following spells:

 Your Spells              Type           Power        Failure   Level  Hunger
a - Sandblast             Erth           ##....       5%          1    #......


Dungeon Overview and Level Annotations

Branches:
Dungeon (5/15)
 Temple: D:4-7

Altars:
Elyvilon


Innate Abilities, Weirdness & Mutations

You are too large for most types of armour.
You have tough skin. (AC +1)


Message History

Confirm with . or Enter, or press ? or * to list all spells.
Aiming: Sandblast (safe; 5% risk of failure)
Press: ? - help, Shift-Dir - straight line, f/p - iguana
Aim: an iguana (heavily wounded)
The blast of sand hits the iguana.
The iguana is heavily wounded.
b - 32 stones The iguana bites you.
* * * LOW HITPOINT WARNING * * *
Unknown command.
Casting: Sandblast (safe; 5% risk of failure)
Confirm with . or Enter, or press ? or * to list all spells.
Aiming: Sandblast (safe; 5% risk of failure)
Press: ? - help, Shift-Dir - straight line, f/p - iguana
Aim: an iguana (heavily wounded)
The blast of sand hits the iguana.
The iguana is almost dead.
b - 31 stones The iguana bites you.
You die...

.# .# #
##.#.# #
#..#. .#
.... ..
###..#.###.
#.........?
+.l<......=
#(@..#.#...
+....+
#....#
#....+
#....#
######


You could see an iguana.

Vanquished Creatures
  An ooze (D:2)
  A dart slug (D:2)
  A leopard gecko (D:4)
  A giant cockroach (D:2)
  A hobgoblin (D:2)
  A bat (D:1)
  A rat (D:2)
7 creatures vanquished.

Notes
Turn   | Place    | Note
-------+----------+-------------------------------------------
     0 | D:1      | 4thArraOfDagon the Ogre Earth Elementalist began the quest for the Orb.
     0 | D:1      | Reached XP level 1. HP: 16/16 MP: 3/3
   127 | D:2      | Reached skill level 3 in Earth Magic
   155 | D:2      | Reached XP level 2. HP: 24/24 MP: 3/5
   234 | D:2      | You fall through a shaft for 2 floors!
   299 | D:4      | Found a white marble altar of Elyvilon.
   323 | D:5      | Entered Level 5 of the Dungeon
   329 | D:5      | HP: 1/24 [iguana (3)]
   330 | D:5      | Slain by an iguana

Vault maps used:
D:1:      doesnt_arrival_eight_statues
D:4:      first_ration, corexii_corridor_pit, elyvilon_altar_5
D:5:      minmay_temple_entry_nine_rooms, uniq_edmund

Skill      XL: |  1 |
---------------+----+-----
Earth Magic    | 3 |  3.2
Dodging        | |  1.7
Stealth        | |  1.4
Spellcasting   | |  2.8
Transmutations | |  0.8

Action                   || total
-------------------------++-------
Melee: Unarmed           ||     2
Throw: Large rock        ||     4
 Cast: Sandblast         ||     9
  Use: Potion            ||     1
Armor: Robe              ||     1
Dodge: Dodged            ||     5

Table legend:
 A = Spawn XP
 B = Non-spawn XP
 C = Spawn XP percentage of total XP
 D = Spawn monster count
 E = Non-spawn monster count
 F = Spawn count percentage of total count
 G = Total turns spent on level
                    A         B        C        D         E        F      G
               +---------+---------+-------+---------+---------+-------+---------
         Total |       0 |      20 |   0.0 |       0 |       7 |   0.0 |   330
               +---------+---------+-------+---------+---------+-------+---------
           D:1 |       0 |       1 |   0.0 |       0 |       1 |   0.0 |    92
           D:2 |       0 |      16 |   0.0 |       0 |       5 |   0.0 |   142
           D:4 |       0 |       3 |   0.0 |       0 |       1 |   0.0 |    89
               +---------+---------+-------+---------+---------+-------+---------
